 Dungeon Crawl Stone Soup version 0.20-a0-1114-g33edf32 (webtiles) character file.

3082 JeffiDaFish the Basher (level 9, -4/56 HPs)
             Began as a Gargoyle Fighter on May 6, 2017.
             Was a Priest of Okawaru.
             Slain by a two-headed ogre
             ... wielding a +0 giant club
              (9 damage)
             ... on level 8 of the Dungeon.
             The game lasted 00:31:47 (5745 turns).

JeffiDaFish the Basher (Gargoyle Fighter)           Turns: 5745, Time: 00:31:47

Health: -4/56      AC: 18    Str: 20    XL:     9   Next: 89%
Magic:  9/9        EV:  9    Int:  9    God:    Okawaru [***...]
Gold:   338        SH: 13    Dex: 12    Spells: 8/8 levels left

rFire    + . .     SeeInvis .   c - +0 morningstar
rCold    + . .     Gourm    .   l - +2 shield
rNeg     + . .     Faith    .   b - +0 scale mail
rPois    ∞         Spirit   .   k - +0 helmet
rElec    +         Reflect  .   (no cloak)
rCorr    .         Harm     .   e - +1 pair of gloves
MR       .....     Rnd*Rage +   s - +0 pair of boots
Stlth    ..........             (no amulet)
Regen    0.2/turn               r - ring of protection from fire
MPRegen  0.2/turn               (no ring)

@: no status effects
A: talons 1, berserk 1, cold resistance 1, negative energy resistance 1,
electricity resistance, unbreathing, petrification resistance, rot immunity, AC
+5
a: Heroism, Renounce Religion


You were on level 8 of the Dungeon.
You worshipped Okawaru.
Okawaru was most pleased with you.
You were not hungry.

You visited 2 branches of the dungeon, and saw 9 of its levels.

You collected 338 gold pieces.

Inventory:

Hand Weapons
 c - a +0 morningstar (weapon)
Armour
 b - a +0 scale mail (worn)
 e - a +1 pair of gloves (worn)
 k - a +0 helmet (worn)
 l - a +2 shield (worn)
 s - a +0 pair of boots (worn)
Jewellery
 r - a ring of protection from fire (left hand)
Scrolls
 d - 4 scrolls of identify
 g - a scroll of fear
 j - 5 scrolls of amnesia
 p - 3 scrolls of remove curse
 t - a scroll of teleportation
Potions
 a - 2 potions of curing
Comestibles
 f - 7 bread rations
 h - 3 royal jellies
 i - 4 fruits
 n - 2 meat rations
 q - 2 chunks of flesh


   Skills:
 + Level 6.5 Fighting
 + Level 9.3 Maces & Flails
 + Level 6.1 Armour
 + Level 2.5 Dodging
 + Level 1.4 Stealth
 + Level 7.3 Shields


You had 8 spell levels left.
You didn't know any spells.

Dungeon Overview and Level Annotations

Branches:
Dungeon (8/15)             Temple (1/1) D:7
   Lair: D:8-11

Altars:
Dithmenos
Elyvilon
Fedhas
Gozag
Kikubaaqudgha
Nemelex Xobeh
Okawaru
Sif Muna
Xom
Yredelemnul
The Shining One

Annotations:
D:2 1 exclusion


Innate Abilities, Weirdness & Mutations

You are resistant to torment.
Your stone body is resilient. (AC +5)
You are immune to poison.
You resist negative energy. (rN+)
You are resistant to electric shocks. (rElec)
You can survive without breathing.
You are immune to petrification.
You are immune to rotting.
You have sharp toenails.
You tend to lose your temper in combat.
Your flesh is cold resistant. (rC+)


Message History

The two-headed ogre is almost dead.
You hit the two-headed ogre.
The two-headed ogre is almost dead.
The two-headed ogre hits you with a giant club!
* * * LOW HITPOINT WARNING * * *
The two-headed ogre closely misses you.
You barely miss the two-headed ogre.
The two-headed ogre is almost dead.
You hear a distant blaring wail to the northwest.
You block the two-headed ogre's attack.
The two-headed ogre hits you with a giant club.
* * * LOW HITPOINT WARNING * * *
You closely miss the two-headed ogre.
The two-headed ogre is almost dead.
The two-headed ogre hits you but does no damage. x2
You hit the two-headed ogre.
The two-headed ogre is almost dead.
You block the two-headed ogre's attack.
The two-headed ogre hits you with a giant club!
You die...

### ..#
#.# #.#
#.#
#.####
#<...#
####@#
#.O....#
#...####
#.### #.
##


You could see a two-headed ogre.

Vanquished Creatures
  The ghost of Willow the Carver, a novice DrMo of Okawaru (D:7)
  Grinder (D:5)
  Eustachio (D:5)
  The ghost of Likado the Ruffian, an amateur VSTm (D:4)
  An ice beast (D:7)
  3 sky beasts
  3 phantoms
  4 centaurs
  3 ogres
  A bullfrog (D:7)
  A crimson imp (D:6)
  A bullfrog skeleton (D:7)
  6 hounds
  3 jellies (D:7)
  A centaur skeleton (D:4)
  3 iguanas
  4 orc wizards
  2 worker ants
  A worker ant zombie (D:6)
  6 adders
  4 gnolls (D:7)
  A shadow imp (D:6)
  An ooze (D:1)
  An adder skeleton (D:7)
  3 worms
  5 leopard geckos
  18 orcs
  6 bats
  3 giant cockroaches
  6 goblins
  9 hobgoblins
  9 jackals
  3 quokkas
  A ball python (D:5)
  5 frilled lizards
  A jackal skeleton (D:4)
  A jackal zombie (D:6)
  7 kobolds
  A leopard gecko skeleton (D:4)
  3 leopard gecko zombies
  2 quokka skeletons
  26 rats
163 creatures vanquished.

Vanquished Creatures (others)
  An orc wizard (D:6)
1 creature vanquished.

Grand Total: 164 creatures vanquished

Notes
Turn   | Place    | Note
-------+----------+-------------------------------------------
     0 | D:1      | JeffiDaFish the Gargoyle Fighter began the quest for the Orb.
     0 | D:1      | Reached XP level 1. HP: 14/14 MP: 1/1
    64 | D:1      | Reached XP level 2. HP: 19/19 MP: 2/2
   711 | D:2      | Reached XP level 3. HP: 23/23 MP: 3/3
   822 | D:2      | Found a faded altar of an unknown god.
  1085 | D:2      | Reached XP level 4. HP: 20/29 MP: 4/4
  1132 | D:2      | Found an opulent altar of Gozag.
  1664 | D:3      | Reached skill level 3 in Maces & Flails
  1675 | D:3      | Found an ancient bone altar of Kikubaaqudgha.
  1799 | D:3      | Reached skill level 1 in Dodging
  1799 | D:3      | Reached XP level 5. HP: 23/33 MP: 5/5
  1894 | D:3      | Found a sparkling altar of Nemelex Xobeh.
  2587 | D:4      | Found a shimmering altar of Xom.
  2766 | D:4      | Noticed Likado's ghost (amateur VSTm)
  2779 | D:4      | Killed Likado's ghost
  2779 | D:4      | Reached skill level 4 in Maces & Flails
  2779 | D:4      | Reached XP level 6. HP: 34/38 MP: 6/6
  2981 | D:5      | Entered Level 5 of the Dungeon
  2983 | D:5      | Found a shimmering altar of Xom.
  2984 | D:5      | Noticed Grinder
  2991 | D:5      | Paralysed by Grinder for 2 turns
  3000 | D:5      | Paralysed by Grinder for 2 turns
  3013 | D:5      | Paralysed by Grinder for 4 turns
  3017 | D:5      | Killed Grinder
  3017 | D:5      | Reached skill level 5 in Maces & Flails
  3017 | D:5      | Reached XP level 7. HP: 22/44 MP: 7/7
  3246 | D:5      | Found an iron altar of Okawaru.
  3283 | D:5      | Became a worshipper of Warmaster Okawaru
  3304 | D:5      | Identified the +4 war axe of the Beast {elec, Int+3} (You found it on level 5 of the Dungeon)
  3424 | D:5      | Reached skill level 5 in Shields
  3674 | D:5      | Reached skill level 5 in Fighting
  3816 | D:5      | Noticed Eustachio
  3847 | D:5      | Killed Eustachio
  3847 | D:5      | Reached skill level 1 in Stealth
  4167 | D:6      | Reached skill level 6 in Maces & Flails
  4167 | D:6      | Reached XP level 8. HP: 49/49 MP: 8/8
  4307 | D:6      | Reached * piety under Okawaru
  4307 | D:6      | Reached skill level 5 in Armour
  4314 | D:6      | Found a shadowy altar of Dithmenos.
  4495 | D:6      | Reached skill level 7 in Maces & Flails
  4620 | D:6      | Gained mutation: You tend to lose your temper in combat. [potion of mutation]
  4620 | D:6      | Gained mutation: You have sharp toenails. [potion of mutation]
  4620 | D:6      | Gained mutation: Your flesh is cold resistant. (rC+) [potion of mutation]
  4685 | D:6      | Found a deep blue altar of Sif Muna.
  4895 | D:7      | Reached XP level 9. HP: 38/55 MP: 9/9
  5009 | D:7      | Reached ** piety under Okawaru
  5009 | D:7      | Reached skill level 8 in Maces & Flails
  5378 | D:7      | Found a staircase to the Ecumenical Temple.
  5387 | Temple   | Entered the Ecumenical Temple
  5571 | D:7      | Noticed Willow's ghost (novice DrMo)
  5616 | D:7      | Killed Willow's ghost
  5616 | D:7      | Reached *** piety under Okawaru
  5616 | D:7      | Reached skill level 9 in Maces & Flails
  5734 | D:8      | Noticed a two-headed ogre
  5745 | D:8      | Slain by a two-headed ogre

Vault maps used:
D:1:      saegor_arrival_simple_e
D:2:      nicolae_overflow_hidden_temple, chequers_ecumenical_altar_island,
          minmay_rat_hole
D:3:      kiku_gazebo_garden_becter, lemuel_round_altar, first_bread
D:4:      kennysheep_mini
D:5:      nicolae_overflow_crystal_walls, hangedman_decor_diamond_cutter,
          hangedman_abyss_or_decor_lesser_grid, kennysheep_big_empty_room,
          xom_teletrap_fun, uniq_eustachio, uniq_grinder
D:6:      grunt_dithmenos_shadows, led_sif_pool
D:7:      minmay_temple_entry_poolview
D:8:      due_megacathedral, serial_shops, shop, enter_bailey_2
Temple:   compressed_dpeg_circular_temple

Skill      XL: |  1  2  3  4  5  6  7  8  9 |
---------------+----------------------------+-----
Maces & Flails | 3 4 5 6 7 9 |  9.3
Armour         | 4 5 6 |  6.1
Dodging        | 1 2 |  2.5
Shields        | 4 5 6 7 |  7.3
Fighting       | 4 5 6 |  6.5
Stealth        | 1 |  1.4

Action                   |  1- 3 |  4- 6 |  7- 9 || total
-------------------------+-------+-------+-------++-------
Melee: Flail             |   168 |   120 |       ||   288
       Morningstar       |       |   129 |   359 ||   488
       Kick              |       |       |    12 ||    12
  Use: Potion            |     2 |     2 |     4 ||     8
       Scroll            |       |     8 |     5 ||    13
 Stab: Invisible         |     1 |       |       ||     1
  Eat: Chunk             |     1 |     7 |     9 ||    17
Armor: Scale mail        |   122 |    96 |   195 ||   413
Dodge: Dodged            |    59 |    63 |    98 ||   220
Block: Shield            |    93 |   140 |   202 ||   435
